 Dungeon Crawl Stone Soup version 0.17.2-1-ge4368a0 (webtiles) character file.

3554 magog001 the Covert (level 9, -5/66 HPs)
             Began as a Vampire Assassin on Oct 21, 2016.
             Killed by the air
             ... invoked by Gastronok
              (24 damage)
             ... on level 8 of the Dungeon.
             The game lasted 01:13:15 (10330 turns).

magog001 the Covert (Vampire Assassin)             Turns: 10330, Time: 01:13:15

Health: -5/66      AC:  5    Str: 11    XL:     9   Next: 83%
Magic:  9/9        EV: 16    Int: 14    God:
Gold:   295        SH:  0    Dex: 17    Spells: 0 memorised, 8 levels left

rFire  . . .     SeeInvis +     E - +2 halberd (venom)
rCold  . . .     Clarity  +     z - +1 leather armour of Omua {Regen+}
rNeg   . . .     SustAt   .     (shield currently unavailable)
rPois  .         Gourm    .     (no helmet)
rElec  .         Spirit   .     u - +0 cloak
rCorr  .         Warding  .     (no gloves)
rMut   .         Stasis   .     (no boots)
MR     .....                    s - amulet of clarity
Stlth  +++++.....               (no ring)
                                k - ring of see invisible

@: regenerating quickly, not resistant to hostile enchantments, quite stealthy
A: fangs 3, see invisible, unbreathing
a: no special abilities


You were on level 8 of the Dungeon.
You were full.

You visited 1 branch of the dungeon, and saw 8 of its levels.

You collected 295 gold pieces.

Inventory:

Hand Weapons
 b - a +0 blowgun
 e - a +0 shortbow
 A - a +2 dagger of venom
 E - a +2 halberd of venom (weapon)
 K - a +0 dagger of venom
Missiles
 d - 3 javelins (quivered)
 i - 126 arrows
 x - 2 needles of sleeping
 y - a curare-tipped needle
 B - 5 needles of confusion
 C - 16 arrows of frost
 F - 4 tomahawks
Armour
 u - a +0 cloak (worn)
 z - the +1 leather armour of Omua (worn) {Regen+}
   (You found it on level 5 of the Dungeon)

   It increases your rate of regeneration.
Jewellery
 j - an uncursed ring of ice {unknown}
 k - a ring of see invisible (left hand)
 s - an amulet of clarity (around neck)
Wands
 t - a wand of polymorph (1)
 v - a wand of draining (7)
 J - a wand of polymorph (12)
Scrolls
 a - a scroll of vulnerability {unknown}
 c - a scroll of amnesia {unknown}
 f - 3 scrolls of immolation
 l - 3 scrolls of magic mapping
 p - 2 scrolls of recharging
 q - a scroll of remove curse
 w - a scroll of teleportation {unknown}
 D - 3 scrolls of identify
 H - 2 scrolls of fear {unknown}
Potions
 g - 21 potions of blood
 h - 2 potions of cancellation
 m - a potion of haste {unknown}
 n - 5 potions of might
 o - a potion of agility {unknown}
 G - a potion of resistance {unknown}
 I - a potion of flight {unknown}


   Skills:
 + Level 4.5 Fighting
 + Level 4.0 Short Blades
 * Level 3.8 Polearms
 * Level 6.4 Throwing
 + Level 2.7 Armour
 + Level 7.5 Dodging
 - Level 10.4 Stealth
 + Level 0.1 Evocations


You had 8 spell levels left.
You didn't know any spells.

Dungeon Overview and Level Annotations

Branches:
Dungeon (8/15)             Temple (0/1) D:6
   Lair: D:8-11

Altars:
Yredelemnul

Shops:
D:7 [

Annotations:
D:8 Gastronok


Innate Abilities, Weirdness & Mutations

Your natural rate of healing is unusually fast.
You have razor-sharp teeth.
You have supernaturally acute eyesight.
You can survive without breathing.


Message History

You slash Gastronok!
Gastronok is almost dead.
The river rat barely misses you.
Gastronok waves his eye-stalks in wide circles.
The air twists around and strikes you! The river rat barely misses you.
You slash Gastronok! You bite Gastronok.
Gastronok is almost dead.
The river rat closely misses you.
You puncture Gastronok!
Gastronok is almost dead.
The river rat misses you. Gastronok bites you.
* * * LOW HITPOINT WARNING * * *
You hit Gastronok.
Gastronok is almost dead.
The river rat closely misses you. Gastronok closely misses you.
The river rat barely misses you.
You barely miss the river rat. The river rat misses you.
Gastronok waves his eye-stalks in wide circles.
The air twists around and strikes you!
You die...

...# ....# ....#
###+#####+####+#....#
#................[..#
#...................#
#....รท..............#
######............r......#
................@.w......#
......############.......+
.<....# #..(....# ......+
+.....<.# ......#
#....(..# ####+##
####..(.##### #.........
#......... #.........


You could see Gastronok and a river rat.

Vanquished Creatures
  Prince Ribbit (D:7)
  Menkaure (D:7)
  A hungry ghost (D:7)
  Edmund (D:6)
  2 ice beasts
  3 ogres
  A water moccasin (D:6)
  A sky beast (D:5)
  A necrophage (D:5)
  2 centaurs
  A gnoll sergeant (D:5)
  4 giant frogs
  A water moccasin zombie (D:5)
  A crimson imp (D:6)
  7 orc wizards
  4 orc priests
  2 jellies
  Crazy Yiuf (D:2)
  A quasit (D:5)
  A centaur skeleton (D:4)
  5 gnoll shamans (D:5)
  5 hounds
  Jessica (D:3)
  Terence (D:2)
  8 worker ants
  3 iguanas
  11 adders
  35 gnolls
  2 shadow imps
  9 oozes
  An adder zombie (D:6)
  6 worms
  25 orcs
  3 ball pythons
  7 hobgoblins
  30 jackals
  8 bats
  9 giant cockroaches
  7 giant geckos
  3 giant newts
  4 goblins
  14 kobolds
  6 quokkas
  12 rats
  A spectral orc (D:3)
253 creatures vanquished.

Vanquished Creatures (others)
  An orc wizard (D:5)
1 creature vanquished.

Grand Total: 254 creatures vanquished

Notes
Turn   | Place    | Note
--------------------------------------------------------------
     0 | D:1      | magog001 the Vampire Assassin began the quest for the Orb.
     0 | D:1      | Reached XP level 1. HP: 16/16 MP: 1/1
     2 | D:1      | Found a runed door.
    71 | D:1      | Reached skill level 6 in Stealth
   323 | D:1      | Reached XP level 2. HP: 22/22 MP: 2/2
   859 | D:1      | Reached XP level 3. HP: 27/27 MP: 3/3
  1502 | D:2      | Noticed Terence
  1509 | D:2      | Killed Terence
  1509 | D:2      | Reached skill level 7 in Stealth
  1509 | D:2      | Reached XP level 4. HP: 33/33 MP: 4/4
  2479 | D:2      | Noticed Crazy Yiuf
  2491 | D:2      | Killed Crazy Yiuf
  2775 | D:3      | Reached skill level 8 in Stealth
  2845 | D:3      | Reached XP level 5. HP: 38/38 MP: 5/5
  2984 | D:3      | Noticed Jessica
  2985 | D:3      | Killed Jessica
  3616 | D:3      | Reached XP level 6. HP: 44/44 MP: 6/6
  3763 | D:3      | Reached skill level 9 in Stealth
  3964 | D:3      | Found a basalt altar of Yredelemnul.
  4701 | D:1      | Reached XP level 7. HP: 34/49 MP: 7/7
  4876 | D:4      | Reached skill level 10 in Stealth
  5261 | D:5      | Entered Level 5 of the Dungeon
  6154 | D:5      | Reached XP level 8. HP: 25/57 MP: 8/8
  6539 | D:5      | Reached skill level 5 in Dodging
  6582 | D:5      | Reached skill level 5 in Throwing
  7250 | D:5      | Got a dazzling leather armour
  7274 | D:5      | Identified the +1 leather armour of Omua {Regen+} (You found it on level 5 of the Dungeon)
  7903 | D:5      | Reached skill level 1 in Armour
  8022 | D:5      | Reached XP level 9. HP: 61/65 MP: 9/9
  8433 | D:5      | Reached skill level 1 in Polearms
  8783 | D:6      | Noticed Edmund
  8812 | D:6      | Killed Edmund
  9237 | D:6      | Found a staircase to the Ecumenical Temple.
  9710 | D:7      | Noticed Prince Ribbit
  9722 | D:7      | Killed Prince Ribbit
  9802 | D:7      | Noticed Menkaure
  9812 | D:7      | Killed Menkaure
 10100 | D:7      | Found Wourit's Antique Armour Boutique.
 10283 | D:8      | Noticed Gastronok
 10330 | D:8      | Killed from afar by Gastronok

Action                   |  1- 3 |  4- 6 |  7- 9 || total
-------------------------+-------+-------+-------++-------
Melee: Dagger            |    10 |   147 |   245 ||   402
       Halberd           |       |       |   283 ||   283
 Fire: Blowgun           |    52 |    74 |    17 ||   143
Throw: Javelin           |       |     9 |    17 ||    26
 Abil: End Transformatio |       |     1 |       ||     1
       Bat Form          |       |     1 |       ||     1
Evoke: Wand              |       |       |     2 ||     2
  Use: Potion            |     4 |    12 |    26 ||    42
       Scroll            |     1 |     6 |     6 ||    13
 Stab: Sleeping          |    23 |    27 |    28 ||    78
       Paralysed         |       |     9 |     4 ||    13
       Distracted        |       |     2 |     4 ||     6
